 Dungeon Crawl Stone Soup version 0.30.0-5-g1a98f26d00 (webtiles) character file.

Game seed: 17581102265269814899

143 fozzywoppz the Insei (level 5, -12/41 HPs)
             Began as a Demonspawn Monk on May 9, 2023.
             Was a Priest of Wu Jian.
             Mangled by an ogre
             ... wielding a +0 giant club
              (23 damage)
             ... on level 4 of the Dungeon.
             The game lasted 00:05:59 (2874 turns).

fozzywoppz the Insei (Demonspawn Monk)              Turns: 2874, Time: 00:06:00

Health: -12/41     AC:  7    Str: 11    XL:     5   Next: 4%
Magic:  5/5        EV: 11    Int: 12    God:    Wu Jian [***...]
Gold:   188        SH:  0    Dex: 17    Spells: 4/4 levels left

rFire   . .          .
                       - Unarmed
rCold   . . .        c - orb {light}
rNeg    . . .        j - +0 ring mail
rPois   .            (helmet restricted)
rElec   .            d - +1 cloak
rCorr   .            (no gloves)
SInv    .            (no boots)
Will    .....        (no amulet)
Stlth   +            (no ring)
HPRegen 0.26/turn    (no ring)
MPRegen 0.09/turn

%: no passive effects
@: glowing
A: antennae 1
a: Renounce Religion, Wall Jump, Serpent's Lash


You were on level 4 of the Dungeon.
You worshipped Wu Jian.
Wu Jian was most pleased with you.
You visited 1 branch of the dungeon, and saw 4 of its levels.

You collected 188 gold pieces.

Inventory:

Missiles
 p - 6 javelins (quivered)
Armour
 c - an orb of light (worn)
 d - a +1 cloak (worn)
 j - a +0 ring mail (worn)
Scrolls
 l - a scroll of immolation
 q - a scroll of teleportation
Potions
 b - a potion of ambrosia
 g - a potion of cancellation
 h - a potion of curing
 i - 2 potions of mutation
 k - 3 potions of attraction
 m - a potion of degeneration {unknown}
 n - a potion of haste
 o - 2 potions of heal wounds
 r - a potion of flight {unknown}
 u - 2 potions of might


   Skills:
 + Level 3.3 Fighting
 + Level 2.0 Armour
 + Level 3.2 Dodging
 + Level 0.1 Stealth
 + Level 4.1 Unarmed Combat


You had 4 spell levels left.
You didn't know any spells.
Your spell library contained the following spells:

 Spells                   Type           Power      Damage    Failure   Level
 Apportation              Tloc           0%         N/A       61%         1
 Sublimation of Blood     Necr           0%         N/A       75%         2
 Wereblood                Tmut           0%         N/A       75%         2
 Alistair's Intoxication  Tmut/Pois      0%         N/A       100%        5
 Summon Hydra             Summ           0%         N/A       100%        7


Dungeon Overview and Level Annotations

Branches:
Dungeon (4/15)
 Temple: D:4-7

Altars:
Gozag
Uskayaw
Vehumet
Wu Jian

Shops:
D:2 *


Innate Abilities, Weirdness & Mutations

You have a pair of small antennae on your head.


Message History

Found a stone staircase leading down.
A ball python comes into view.
A ball python is nearby!
You barely miss the ball python.
The ball python bites you but does no damage.
The ball python grabs you. The ball python constricts you.
You hit the ball python.
The ball python is severely wounded.
The ball python bites you but does no damage.
The ball python constricts you.
You hit the ball python.
You kill the ball python!
The Council accepts your kill.
Your Armour skill increases to level 2!
You open the door.
There is an open door here.
There is an open door here.
You hit the ogre.
The ogre is lightly wounded.
The ogre misses you.
You hit the ogre.
The ogre is lightly wounded.
You hit the ogre.
The ogre is moderately wounded.
The ogre closely misses you.
You hit the ogre but do no damage.
The ogre is moderately wounded.
You hit the ogre.
The ogre is heavily wounded.
The ogre hits you with a +0 giant club!
You spin and attack the ogre.
You hit the ogre but do no damage.
The ogre is heavily wounded.
The ogre hits you with a +0 giant club!!
* * * LOW HITPOINT WARNING * * *
There is a hide-covered altar of Uskayaw, spattered with blood here.
There is a radiant altar of Vehumet here.
The ogre attacks as you move away!
The ogre hits you with a +0 giant club!!
Ouch! That really hurt!
You die...

#<# #.# #.# #.# #.# #.# #.# #.#
#.# ###.# #.# #.# #.# ..#.# #.#
#.# #.# ..#.#######'## #.# #.#
.............###.####.#
....####.....#.....##.#
.............#..@..##.#
......#......#.O8...#.#
..#####......#.._.....#
.............#.....##.#
#########.#'###..####'#########
.......................>......#
.########.#.####.##...........#
).## #.#.# #.##..........)#
#..#### #.#.####.##...........#


You could see an ogre.

Vanquished Creatures
  A scorpion (D:4)
  A hound (D:4)
  An adder (D:2)
  2 worms
  A dart slug (D:1)
  2 goblins
  5 hobgoblins
  4 jackals
  2 quokkas
  4 ball pythons
  9 bats
  A frilled lizard (D:2)
  6 kobolds
  4 rats
43 creatures vanquished.

Notes
Turn   | Place    | Note
-------+----------+-------------------------------------------
     0 | D:1      | fozzywoppz the Demonspawn Monk began the quest for the Orb.
     0 | D:1      | Reached XP level 1. HP: 18/18 MP: 1/1
   114 | D:1      | Found a faded altar of an unknown god.
   300 | D:1      | Gained mutation: You have a pair of small antennae on your
                  | head. [demonic ancestry]
   300 | D:1      | Reached XP level 2. HP: 23/24 MP: 2/2
   322 | D:1      | Prayed at the altar of an unknown god.
   322 | D:1      | Became a worshipper of the Wu Jian Council
   322 | D:1      | Reached * piety under Wu Jian
   322 | D:1      | Reached ** piety under Wu Jian
   388 | D:1      | Reached skill level 3 in Unarmed Combat
   560 | D:1      | Reached *** piety under Wu Jian
   889 | D:2      | Reached XP level 3. HP: 8/29 MP: 3/3
  1111 | D:2      | Found Riz Ymah's General Store.
  2165 | D:3      | Found an opulent altar of Gozag.
  2366 | D:4      | Found a hide-covered altar of Uskayaw.
  2366 | D:4      | Found a radiant altar of Vehumet.
  2379 | D:4      | Noticed a scorpion
  2417 | D:4      | Killed a scorpion
  2418 | D:4      | Reached skill level 1 in Armour
  2418 | D:4      | Reached skill level 4 in Unarmed Combat
  2418 | D:4      | Reached XP level 4. HP: 28/35 MP: 4/4
  2494 | D:4      | Reached XP level 5. HP: 36/41 MP: 5/5
  2537 | D:4      | Noticed an ogre
  2575 | D:4      | HP: 1/41 [ogre/+0 giant club (12)]
  2764 | D:4      | Identified the +2 flail "Zecumann" {flame, Will+}
  2874 | D:4      | Mangled by an ogre

Illustrated notes

Levels and vault maps discovered:
D:1:      saegor_arrival_miasma, layout_loops_ring,
          ebering_ecumenical_altar_sacrificial, serial_bayou_pond_c
D:2:      layout_basic, serial_shops, shop
D:3:      layout_loops_corners, lemuel_round_altar, grunt_ministairs_12
D:4:      layout_basic, chequers_temple_overflow_statue_of_worship,
          minmay_temple_entry_statues_pillars, serial_shops, shop

Skill      XL: |  1  2  3  4  5 |
---------------+----------------+-----
Unarmed Combat | 3 4 |  4.1
Dodging        | 3 |  3.2
Armour         | 1 2 |  2.0
Fighting       | |  3.3
Stealth        | |  0.1

Action                     |  1- 3 |  4- 6 || total
---------------------------+-------+-------++-------
  Melee: Unarmed           |   184 |    19 ||   203
Ability: Whirlwind         |    30 |     3 ||    33
         Lunge             |    16 |       ||    16
    Use: Potion            |     5 |     2 ||     7
         Scroll            |       |    10 ||    10
 Armour: Leather armour    |    18 |       ||    18
         Robe              |     2 |       ||     2
         Ring mail         |    48 |    13 ||    61
  Dodge: Dodged            |   130 |    20 ||   150
